 Dungeon Crawl Stone Soup version 0.19-a0-1937-g70ed36a (webtiles) character file.

448 varam the Destroyer (level 6, 0/32 HPs)
             Began as a Deep Elf Conjurer on Oct 26, 2016.
             Slain by Duvessa
             ... wielding a +0 short sword
              (6 damage)
             ... on level 4 of the Dungeon.
             The game lasted 00:10:03 (2292 turns).

varam the Destroyer (Deep Elf Conjurer)             Turns: 2292, Time: 00:10:05

Health: 0/32       AC:  4    Str:  7    XL:     6   Next: 73%
Magic:  2/12       EV: 13    Int: 20    God:
Gold:   138        SH:  0    Dex: 15    Spells: 3 memorised, 3 levels left

rFire  + . .     SeeInvis .     s - -2 falchion (curse)
rCold  + . .     Gourm    .     r - +2 robe {rC+ rF+}
rNeg   . . .     Faith    .     (no shield)
rPois  .         Spirit   .     (no helmet)
rElec  .         Reflect  .     (no cloak)
rCorr  .         Harm     .     (no gloves)
MR     .....                    (no boots)
Stlth  ++........               a - amulet of magic regeneration
                                (no ring)
                                (no ring)

@: no status effects
A: no striking features
a: no special abilities


You were on level 4 of the Dungeon.
You were hungry.

You visited 1 branch of the dungeon, and saw 4 of its levels.

You collected 138 gold pieces.

Inventory:

Hand Weapons
 j - a +0 short sword
 s - a cursed -2 falchion (weapon)
Armour
 r - a +2 robe of resistance (worn)
Jewellery
 a - an amulet of magic regeneration (around neck)
Wands
 e - a wand of digging (11/24)
 f - a wand of acid (3/15)
Scrolls
 h - 5 scrolls of amnesia
 i - a scroll of enchant armour
 k - a scroll of teleportation
 m - 2 scrolls of noise
 n - a scroll of fog
 t - a scroll of random uselessness {unknown}
 u - 2 scrolls of recharging {unknown}
Potions
 d - 2 potions of flight {unknown}
 p - a potion of might {unknown}
 q - a potion of heal wounds {unknown}
Books
 b - a book of Conjurations

   Spells                             Type                      Level
   a - Magic Dart                     Conjuration                  1
   b - Searing Ray                    Conjuration                  2
   c - Dazzling Spray                 Conjuration/Hexes            3
   d - Fulminant Prism                Conjuration/Hexes            4
   e - Iskenderun's Mystic Blast      Conjuration                  4
   f - Iskenderun's Battlesphere      Conjuration/Charms           5
Comestibles
 c - a bread ration
 g - a beef jerky
 l - 2 meat rations
 o - 10 chunks of flesh


   Skills:
 - Level 2.4 Dodging
 - Level 2.4 Stealth
 - Level 3.0 Spellcasting
 + Level 8.0 Conjurations
 + Level 4.9 Charms


You had 3 spell levels left.
You knew the following spells:

 Your Spells              Type           Power        Failure   Level  Hunger
a - Magic Dart            Conj           ####         1%          1    None
b - Searing Ray           Conj           #####.       1%          2    ##.....
c - Iskenderun's Battles  Conj/Chrm      ####....     30%         5    ######.


Dungeon Overview and Level Annotations

Branches:
Dungeon (4/15)
 Temple: D:4-7

Altars:
Ru
Sif Muna
Trog

Annotations:
D:4 Duvessa


Message History

Duvessa barely misses you. Duvessa hits you with a short sword.
Casting: Searing Ray
Confirm with . or Enter, or press ? or * to list all spells.
Aiming: Searing Ray
Press: ? - help, Shift-Dir - straight line, f - Duvessa
Aim: Duvessa, wielding a short sword (heavily wounded, berserk, fast, unusually strong)
The searing ray hits Duvessa.
Duvessa is severely wounded.
Duvessa barely misses you. Duvessa hits you with a short sword.
* * * LOW HITPOINT WARNING * * *
Your magical contamination has completely faded away.
The searing ray hits Duvessa.
Duvessa is severely wounded.
Duvessa hits you with a short sword.
* * * LOW HITPOINT WARNING * * *
The searing ray hits Duvessa.
Duvessa is almost dead.
Duvessa hits you with a short sword.
You die...

# #.######....##.###
#.##.# #######.#
#..(.# #.# #######.#
#.# ........# #.#
####....# ##.....##
#.(.....##########
###........e@.......
..........##########
# ###.....##
..#..####....#
#....)....(..#
#.#..#####.### # #.#
#.# #.#


You could see Duvessa (berserk).

Vanquished Creatures
  Sigmund (D:3)
  Purgy (D:3)
  Dowan (D:4)
  Jessica (D:3)
  5 adders
  An ooze (D:2)
  2 worms (D:2)
  2 dart slugs
  11 orcs
  2 ball pythons (D:2)
  7 bats
  3 giant cockroaches
  4 goblins
  8 hobgoblins
  3 quokkas
  3 frilled lizards (D:1)
  5 kobolds
  5 rats
65 creatures vanquished.

Notes
Turn   | Place    | Note
-------+----------+-------------------------------------------
     0 | D:1      | varam the Deep Elf Conjurer began the quest for the Orb.
     0 | D:1      | Reached XP level 1. HP: 10/10 MP: 6/6
   134 | D:1      | Reached XP level 2. HP: 15/15 MP: 0/8
   138 | D:1      | Learned a level 2 spell: Searing Ray
   257 | D:1      | Reached skill level 5 in Conjurations
   873 | D:2      | Reached XP level 3. HP: 19/19 MP: 1/9
   893 | D:2      | Found a bloodstained altar of Trog.
  1106 | D:2      | Reached skill level 6 in Conjurations
  1191 | D:2      | Found a sacrificial altar of Ru.
  1194 | D:2      | Reached XP level 4. HP: 24/24 MP: 4/10
  1715 | D:2      | Found a deep blue altar of Sif Muna.
  1821 | D:3      | Noticed Sigmund
  1827 | D:3      | Killed Sigmund
  1827 | D:3      | Reached skill level 7 in Conjurations
  1827 | D:3      | Reached XP level 5. HP: 28/28 MP: 3/11
  1894 | D:3      | Learned a level 5 spell: Iskenderun's Battlesphere
  1906 | D:3      | Noticed Purgy
  1939 | D:3      | Killed Purgy
  1939 | D:3      | Reached XP level 6. HP: 19/32 MP: 5/12
  2120 | D:3      | Noticed Jessica
  2123 | D:3      | Killed Jessica
  2266 | D:4      | Noticed Dowan
  2267 | D:4      | Noticed Duvessa
  2287 | D:4      | Killed Dowan
  2287 | D:4      | Reached skill level 8 in Conjurations
  2292 | D:4      | Slain by Duvessa

Vault maps used:
D:1:      doesnt_arrival_eight_statues
D:2:      led_sif_pool, marbit_many_paths, nicolae_overflow_crystal_walls,
          serial_park_tiny_1
D:3:      first_bread, uniq_purgy, uniq_sigmund, uniq_jessica
D:4:      gup_sewer_entry_glass, uniq_robin, uniq_duvessa

Skill      XL: |  1  2  3  4  5  6 |
---------------+-------------------+-----
Conjurations   | 5 6 7 8 |  8.0
Charms         | 3 4 |  4.9
Dodging        | |  2.4
Stealth        | |  2.4
Spellcasting   | |  3.0

Action                   |  1- 3 |  4- 6 || total
-------------------------+-------+-------++-------
Melee: Unarmed           |     5 |       ||     5
       Falchion          |       |     1 ||     1
 Cast: Magic Dart        |    63 |    56 ||   119
       Searing Ray       |     3 |    11 ||    14
  Use: Scroll            |       |     7 ||     7
  Eat: Chunk             |     1 |     3 ||     4
Armor: Robe              |     7 |     6 ||    13
Dodge: Dodged            |    15 |    23 ||    38
